 Dungeon Crawl Stone Soup version 0.28.0 (webtiles) character file.

Game seed: 14450753450743386495

659 GrayStillPlays the Skirmisher (level 7, -9/37 HPs)
             Began as a Vine Stalker Fighter on Feb 12, 2022.
             Was a Believer of Uskayaw.
             Killed by divine providence
             ... invoked by an orc priest
              (13 damage)
             ... on level 5 of the Dungeon.
             The game lasted 00:05:59 (4661 turns).

GrayStillPlays the Skirmisher (VSFi)                Turns: 4661, Time: 00:06:00

Health: -9/37      AC:  5    Str: 21    XL:     7   Next: 55%
Magic:  0/12       EV: 10    Int:  8    God:    Uskayaw [**....]
Gold:   297        SH:  0    Dex: 13    Spells: 12/12 levels left

rFire   . . .      SeeInvis .   f - +3 dagger {short}
rCold   + . .      Faith    .   c - +0 buckler
rNeg    . . .      Spirit   +   r - +2 leather armour {rC+}
rPois   .          Reflect  .   (no helmet)
rElec   .          Harm     .   (no cloak)
rCorr   .          Rampage  .   (no gloves)
Will    .....                   (no boots)
Stlth   +.........              (no amulet)
HPRegen 0.92/turn               l - ring of wizardry
MPRegen 0.13/turn               (no ring)

@: confused
A: fangs 2, regeneration 1, magic shield, antimagic bite, no potion heal 2
a: Renounce Religion, Stomp, Line Pass


You were on level 5 of the Dungeon.
You worshipped Uskayaw.
Uskayaw was noncommittal.
You visited 2 branches of the dungeon, and saw 6 of its levels.

You collected 297 gold pieces.


Innate Abilities, Weirdness & Mutations

You have extremely sharp teeth.
Your natural rate of healing is unusually fast.
When hurt, damage is shared between your health and your magic reserves.
Your bite disrupts and absorbs the magic of your enemies.
Potions cannot restore your health.


   Skills:
 + Level 4.0 Fighting
 + Level 2.6 Short Blades
 - Level 1.9 Axes
 + Level 3.6 Armour
 + Level 4.0 Shields
 + Level 3.2 Spellcasting
 * Level 2.2 Invocations


You had 12 spell levels left.
You didn't know any spells.
Your spell library was empty.

Inventory:

Hand Weapons
 a - a +0 war axe {axe}
 f - a +3 dagger (weapon) {short}
   (You took it off a kobold on level 1 of the Dungeon)
 s - a +2 mace of holy wrath {mace}
   (You took it off Terence on level 3 of the Dungeon)
 E - a +1 vorpal mace {mace}
   (You found it on level 5 of the Dungeon)
Missiles
 g - 16 arrows
 h - 89 stones (quivered) {throwing}
 k - 58 bolts
 n - 13 poisoned darts {throwing}
 y - 16 sling bullets
Armour
 b - a +0 scale mail
 c - a +0 buckler (worn)
 r - a +2 leather armour of cold resistance (worn)
   (You took it off an orc on level 3 of the Dungeon)
 A - a scarf of repulsion
   (You found it on level 4 of the Dungeon)
Magical Staves
 D - a staff of poison {!astaff}
   (You found it on level 4 of the Dungeon)
Jewellery
 l - a ring of wizardry (left hand)
   (You found it on level 1 of the Dungeon)
Wands
 d - a wand of iceblast (22)
   (You took it off Ijyb on level 3 of the Dungeon)
 t - a wand of flame (9)
   (You took it off Terence on level 3 of the Dungeon)
Scrolls
 e - 5 scrolls of identify {unknown}
 i - 2 scrolls of noise {unknown}
 j - a scroll of amnesia {unknown}
 p - 2 scrolls of vulnerability {unknown}
 q - a scroll of teleportation {unknown}
 B - a scroll of fog {unknown}
 C - a scroll of fear {unknown}
Potions
 m - 2 potions of resistance {unknown}
 o - 2 potions of lignification {unknown}
 u - a potion of degeneration {unknown}
 v - a potion of invisibility {unknown}
 w - a potion of cancellation {unknown}
 x - a potion of magic {unknown}
 z - a potion of curing {unknown}

Dungeon Overview and Level Annotations

Branches:
Dungeon (5/15)             Temple (1/1) D:4

Altars:
Ashenzari
Cheibriados
Dithmenos
Elyvilon
Fedhas
Hepliaklqana
Kikubaaqudgha
Makhleb
Nemelex Xobeh
Okawaru
Qazlal
Ru
Trog
Uskayaw
Vehumet
Xom
Zin
The Shining One

Shops:
D:1 ? D:2

[*
##.......##
##.....##
##...## ##'##
#.# #.# ##.##
##.)o##
#...o@#
##...oo......
##..........
##.........
.......###
#####...#
...# ####


You could see an orc priest, an orc wizard and 2 orcs.


Message History

You closely miss the hound. The hound bites you.
The hound stops to sniff the ground.
The hound bites you. 😕 HP[-3] MP[-3]
You take 3 damage, and now have 29/37 hp.
You lost 3 mp, and now have 9/12 mp.
You hit the hound. Your bite misses the hound.
The hound barely misses you. 😕 HP[+1]
You hit the hound. Your bite misses the hound. The hound bites you.
The hound barely misses you.
You can now pass through a line of other dancers. 😕 HP[+1] MP[-1]
You lost 1 mp, and now have 8/12 mp.
You hit the hound.
You kill the hound! 😕 HP[+1]
d - a wand of iceblast (22) (gained 11 charges) Key pressed, stopping explore.
No target in view! 😎 HP[+5] MP[+4]
Your hp is fully restored (37).
Your mp is fully restored (12).
No target in view!
No target in view!
No target in view!
You open the door.
There is an open door here.
Key pressed, stopping explore.
Found a stone staircase leading down.
There is an open door here.
Key pressed, stopping explore.
You open the door.
There is an open door here.
An orc comes into view. It is wielding a +3 falchion.
An orc is nearby!
An orc is nearby! 2 orcs come into view.
The orc shouts! x2
An orc wizard comes into view. It is wielding a +0 dagger.
The orc shouts!
An orc priest comes into view. It is wielding a +0 whip.
There are monsters nearby!
The orc priest shouts!
You hit the orc. Your bite misses the orc.
The orc hits you with a +3 falchion. 😕 HP[-2] MP[-1]
You take 2 damage, and now have 35/37 hp.
You lost 1 mp, and now have 11/12 mp.
You hit the orc. You bite the orc.
You kill the orc!
There are monsters nearby!
The orc hits you but does no damage. The orc barely misses you.
The orc priest completely misses you.
There are monsters nearby!
You hit the orc priest. Your bite misses the orc priest.
You block the orc's attack. The orc closely misses you.
The orc priest barely misses you. 😎 HP[+2]
Your hp is fully restored (37).
You hit the orc priest. The orc closely misses you. You block the orc's attack.
The orc hits you with a +0 trident. The orc wizard casts a spell at you.
You are confused.
The orc priest hits you with a +0 whip. 😕 HP[-4] MP[-2]
You take 4 damage, and now have 33/37 hp.
You lost 2 mp, and now have 9/12 mp.
You closely miss the orc. You bite the orc. You drain its power.
You feel invigorated. The orc barely misses you. The orc closely misses you.
The orc wizard hits you with a +0 dagger.
You can now pass through a line of other dancers. 😕 HP[-1] MP[+1]
You take 1 damage, and now have 32/37 hp.
You bump into the rock wall.
The orc priest hits you with a +0 whip. The orc hits you with a +0 whip.
The orc hits you but does no damage.
The orc wizard barely misses you. 😕 HP[-3]
You take 3 damage, and now have 29/37 hp.
You bump into the rock wall.
The orc priest hits you with a +0 whip. The orc closely misses you. x2
The orc wizard hits you with a +0 dagger. 😮 HP[-5] MP[-1]
You take 5 damage, and now have 24/37 hp.
You lost 1 mp, and now have 9/12 mp.
You bump into the rock wall.
The orc priest invokes the aid of Beogh against you.
Beogh smites you!
* * * LOW HITPOINT WARNING * * *
The orc closely misses you. The orc hits you with a +0 trident!
* * * LOW HITPOINT WARNING * * *
The orc wizard casts a spell at you. The magic dart hits you.
* * * LOW HITPOINT WARNING * * *
You're too confused to move!
The orc priest misses you. The orc closely misses you.
The orc hits you with a +0 trident.
* * * LOW HITPOINT WARNING * * *
The orc wizard hits you but does no damage.
You're too confused to move!
The orc priest calls down the wrath of Beogh upon you.
Beogh smites you!
You die...

Skill      XL: |  1  2  3  4  5  6  7 |
---------------+----------------------+-----
Fighting       | 3 4 |  4.0
Shields        | 3 4 |  4.0
Spellcasting   | 1 2 3 |  3.2
Short Blades   | 1 2 |  2.6
Armour         | 3 |  3.6
Invocations    | 1 2 |  2.2
Axes           | |  1.9

Action                   |  1- 3 |  4- 6 |  7- 9 || total
-------------------------+-------+-------+-------++-------
Melee: War axe           |    13 |       |       ||    13
       Bite              |    14 |    64 |     7 ||    85
       Dagger            |    39 |   242 |    39 ||   320
  Use: Potion            |       |     1 |       ||     1
 Stab: Sleeping          |       |     3 |       ||     3
       Paralysed         |       |     1 |       ||     1
Armor: Scale mail        |    18 |    32 |       ||    50
       Leather armour    |       |    35 |    10 ||    45
Dodge: Dodged            |    21 |    95 |    24 ||   140
Block: Buckler           |     6 |    55 |     7 ||    68

Levels and vault maps discovered:
D:1:      lemuel_arrival_hallway, layout_basic, serial_shops,
          nicolae_shop_behind_doors, minmay_fountain_box
D:2:      wander_river, layout_basic, ebering_ecumenical_altar_hall,
          serial_shops, shop, nicolae_shop_hallway_plus
D:3:      minmay_inner_zag, layout_loops_cross, roderic_batcave,
          kennysheep_donut, kennysheep_decorative_pillar,
          guppyfry_early_orc_mine, uniq_ijyb, uniq_terence
D:4:      layout_basic, minmay_temple_entry_gardened_gates, minmay_box_of_dots
D:5:      layout_loops_corners, nzn_wu_jian_contemplation, lemuel_flame_loot_1
Temple:   mainiacjoe_temple_circle_huts

Notes
Turn   | Place    | Note
-------+----------+-------------------------------------------
     0 | D:1      | GrayStillPlays the Vine Stalker Fighter began the quest for
                  | the Orb.
     0 | D:1      | Reached XP level 1. HP: 11/11 MP: 2/2
     0 | D:1      | magus.rc [v1.9.6]
   205 | D:1      | Reached XP level 2. HP: 14/16 MP: 3/3
   899 | D:1      | Found Geabbul's Magic Scroll Shop.
  1130 | D:2      | Reached skill level 3 in Fighting
  1130 | D:2      | Reached skill level 3 in Shields
  1130 | D:2      | Reached skill level 1 in Spellcasting
  1130 | D:2      | Reached XP level 3. HP: 6/20 MP: 2/5
  1386 | D:2      | Found a faded altar of an unknown god.
  1722 | D:2      | Reached skill level 1 in Short Blades
  1722 | D:2      | Gained mutation: Your natural rate of healing is unusually
                  | fast. [Vine Stalker growth]
  1722 | D:2      | Reached XP level 4. HP: 15/24 MP: 4/7
  1819 | D:2      | Found Jutorucw's General Store.
  1858 | D:2      | Found Misag's Armour Shop.
  2452 | D:3      | Noticed Ijyb
  2461 | D:3      | Killed Ijyb
  2462 | D:3      | Reached skill level 3 in Armour
  2462 | D:3      | Reached XP level 5. HP: 28/28 MP: 8/8
  2492 | D:3      | Noticed Terence
  2502 | D:3      | Killed Terence
  2503 | D:3      | Reached skill level 2 in Spellcasting
  2579 | D:3      | Reached XP level 6. HP: 32/32 MP: 7/10
  2724 | D:3      | Reached skill level 2 in Short Blades
  3283 | D:4      | Found a staircase to the Ecumenical Temple.
  3291 | Temple   | Entered the Ecumenical Temple
  3534 | Temple   | Became a worshipper of Uskayaw the Reveller
  3571 | D:4      | Reached * piety under Uskayaw
  3611 | D:4      | Reached ** piety under Uskayaw
  3696 | D:4      | Reached *** piety under Uskayaw
  3945 | D:4      | Reached skill level 1 in Invocations
  3966 | D:4      | Reached **** piety under Uskayaw
  4064 | D:4      | Reached XP level 7. HP: 14/37 MP: 7/12
  4204 | D:4      | Reached skill level 3 in Spellcasting
  4397 | D:5      | Entered Level 5 of the Dungeon
  4515 | D:5      | Reached skill level 4 in Fighting
  4515 | D:5      | Reached skill level 4 in Shields
  4515 | D:5      | Reached skill level 2 in Invocations
  4659 | D:5      | HP: 6/37 [orc wizard/magic dart (4)]
  4661 | D:5      | Killed from afar by an orc priest

Vanquished Creatures
  A necrophage (D:4)
  2 scorpions
  2 vampire bats (D:3)
  A hound (D:5)
  A jelly (D:4)
  Ijyb (D:3)
  Terence (D:3)
  An iguana (D:2)
  An orc wizard (D:4)
  4 gnolls (D:4)
  6 adders
  An adder skeleton (D:3)
  4 worms
  A dart slug (D:3)
  13 orcs
  9 bats
  7 endoplasms
  5 giant cockroaches
  14 goblins
  8 hobgoblins
  3 jackals (D:2)
  3 quokkas
  5 ball pythons
  4 frilled lizards
  8 kobolds
  4 rats
110 creatures vanquished.

Vanquished Creatures (others)
  4 plants (D:4)
4 creatures vanquished.

Grand Total: 114 creatures vanquished

Table legend:
 A = Non-vault XP
 B = Vault XP
 C = Vault XP percentage of total XP
 D = Non-vault monster count
 E = Vault monster count
 F = Vault count percentage of total count
                 A         B        C        D         E       F
            +---------+---------+-------+---------+---------+-------
      Total |     591 |     351 |  37.3 |      85 |      25 |  22.7
            +---------+---------+-------+---------+---------+-------
        D:1 |      23 |       0 |   0.0 |      13 |       0 |   0.0
        D:2 |      93 |       0 |   0.0 |      22 |       0 |   0.0
        D:3 |      61 |     232 |  79.2 |      21 |      23 |  52.3
        D:4 |     271 |     119 |  30.5 |      25 |       2 |   7.4
        D:5 |     143 |       0 |   0.0 |       4 |       0 |   0.0
            +---------+---------+-------+---------+---------+-------

Illustrated notes

Table legend:
 A = Kills in this place as a percentage of kills in entire the game.
 B = Kills by you in this place as a percentage of kills by you in the entire game.
 C = Kills by friends in this place as a percentage of kills by friends in the entire game.
 D = Other kills in this place as a percentage of other kills in the entire game.
 E = Experience gained in this place as a percentage of experience gained in the entire game.
 F = Experience gained in this place divided by the number of levels of this place that you have seen.
                   A       B       C       D       E      F
               +-------+-------+-------+-------+-------+----------------------
         Total | 100.0 | 100.0 |   N/A |   N/A | 100.0 | 157.0
       Dungeon | 100.0 | 100.0 |   N/A |   N/A | 100.0 | 188.4
               +-------+-------+-------+-------+-------+----------------------

Table legend: (Time is in decaauts)
 A = Elapsed time spent in this place.
 B = Non-inter-level travel time spent in this place.
 C = Inter-level travel time spent in this place.
 D = Time resting spent in this place.
 E = Time spent auto-exploring this place.
 F = Levels seen in this place.
 G = Mean time per level.
                   A        B        C        D        E       F      G
               +--------+--------+--------+--------+--------+-----+--------+
         Total |   4688 |   4411 |    277 |      0 |   3635 |   6 |  781.3 |
       Dungeon |   4417 |   4177 |    240 |      0 |   3422 |   5 |  883.4 |
        Temple |    270 |    233 |     37 |      0 |    213 |   1 |  270.0 |
               +--------+--------+--------+--------+--------+-----+--------+

Top non-repeatable levels by time:
     D:2: 1152 daAuts
     D:1: 1123 daAuts
     D:3: 978 daAuts
     D:4: 901 daAuts
  Temple: 270 daAuts
     D:5: 261 daAuts
